 Dungeon Crawl Stone Soup version 0.31.0-1-g2c135a0 (webtiles) character file.

Game seed: 4108913315213141260

151 amalgent the Ducker (level 5, -3/48 (52) HPs)
             Began as a Troll Fighter on Jan 30, 2024.
             Slain by Urrug's ghost (6 damage)
             ... on level 3 of the Dungeon.
             The game lasted 00:23:16 (1970 turns).

amalgent the Ducker (Troll Fighter)                 Turns: 1970, Time: 00:23:16

HP:   -3/48 (52)    AC:  4    Str: 26    XL:     5   Next: 10%
MP:   4/4           EV:  9    Int:  4    God:
Gold: 133           SH:  7    Dex:  9    Spells: 4/4 levels left

rFire   + + +        s - +3 short sword of Ash {drain, ^Contam rPois rF+++ Will+}
rCold   . . .        c - +0 kite shield
rNeg    . . .        b - +0 robe
rPois   +            (helmet restricted)
rElec   .            (no cloak)
rCorr   .            (gloves unavailable)
SInv    .            (boots unavailable)
Will    +....        (no amulet)
Stlth   +            (no ring)
HPRegen 1.08/turn    (no ring)
MPRegen 0.09/turn

%: no passive effects
@: drained
A: large, unfitting armour, claws 3, regeneration 1, shaggy fur 1, tough skin 1
a: no special abilities


You were on level 3 of the Dungeon.
You visited 1 branch of the dungeon, and saw 3 of its levels.

You collected 133 gold pieces.

Inventory:

Hand Weapons
 a - a +0 flail
 e - a +1 short sword of draining
 o - a +0 sling
 s - the +3 short sword of Ash (weapon) {drain, ^Contam rPois rF+++ Will+}
   (You found it on level 2 of the Dungeon)

   rF+++:     It renders you almost immune to fire.
   rPois:     It protects you from poison Will+: It increases your willpower.
   ^Contam:   It causes magical contamination when unequipped.
 C - a +0 flail of protection
Missiles
 q - 3 poisoned darts
 A - a throwing net (quivered)
Armour
 b - a +0 robe (worn)
 c - a +0 kite shield (worn)
 m - a +0 chain mail
 n - a +0 ring mail
 t - a +1 helmet
 w - a +0 robe
 x - a +0 leather armour
Magical Staves
 y - a staff of earth
Jewellery
 f - an amulet of magic regeneration
Scrolls
 g - a scroll of fog {unknown}
 h - a scroll of revelation {unknown}
 i - a scroll of vulnerability {unknown}
 j - a scroll of poison {unknown}
 k - a scroll of identify {unknown}
 u - a scroll of blinking {unknown}
 v - a scroll of enchant weapon {unknown}
 D - a scroll of fear {unknown}
Potions
 d - a potion of might
 l - a potion of resistance
 z - a potion of brilliance {unknown}
 B - a potion of attraction {unknown}


   Skills:
 + Level 2.8 Fighting
 + Level 1.8 Short Blades
 + Level 2.3 Maces & Flails
 + Level 3.3 Dodging
 + Level 0.1 Stealth
 + Level 3.1 Shields


You had 4 spell levels left.
You didn't know any spells.
Your spell library contained the following spells:

 Spells                   Type           Power      Damage    Failure   Level
 Lesser Beckoning         Tloc           0%         N/A       87%         2
 Gell's Gravitas          Tloc           0%         N/A       98%         3
 Teleport Other           Tloc           0%         N/A       98%         3


Dungeon Overview and Level Annotations

Branches:
Dungeon (3/15)

Altars:

Shops:
D:1 ?

Annotations:
D:3 Urrug's ghost, amateur TrEE


Innate Abilities, Weirdness & Mutations

You are too large for most types of armour.
You have claws for hands.
Your natural rate of healing is unusually fast.
You are covered in fur. (AC +1)
You have tough skin. (AC +1)


Message History

It was a potion of heal wounds.
You feel much better. Urrug's ghost hits you.
The kobold hits you with a +0 short sword.
You closely miss Urrug's ghost. You block the kobold brigand's attack.
Urrug's ghost hits you.
The kobold zaps a wand.
The bolt of dispelling energy hits you!
Your magical effects are unravelling.
You hit the kobold brigand.
The kobold brigand is lightly wounded.
Your resistance to elements expires.
The kobold brigand hits you with a +2 whip of chaos.
The kobold brigand freezes you.
* * * LOW HITPOINT WARNING * * *
Urrug's ghost hits you!
* * * LOW HITPOINT WARNING * * *
The kobold hits you with a +0 short sword.
* * * LOW HITPOINT WARNING * * *
You feel much better.
The kobold brigand hits you with a +2 whip of chaos.
You are confused.
Urrug's ghost barely misses you. The kobold barely misses you.
You closely miss Urrug's ghost.
The kobold brigand hits you with a +2 whip of chaos.
You feel drained. Urrug's ghost hits you!
The kobold hits you but does no damage.
You barely miss the kobold brigand.
The kobold brigand hits you with a +2 whip of chaos.
You feel drained.
Urrug's ghost points at you and mumbles some strange words.
The blast of sand misses you. The kobold barely misses you.
The kobold closely misses you.
You hit the kobold.
You kill the kobold!
The kobold brigand hits you with a +2 whip of chaos!
* * * LOW HITPOINT WARNING * * *
You're too confused to move!
You feel less confused.
The kobold brigand hits you with a +2 whip of chaos!
* * * LOW HITPOINT WARNING * * *
Urrug's ghost hits you.
You die...

#...............###.#........#..
#...............# #......>####..
#...............# ######### #..
#...............# #..
#...............# #..
#...............# #..
##...)..........# #..
#..)......^....# #..
#.............@# #..
#............WK# #..
#..............# ##### ###
#..............##.....
########.###.)........ #.#
#..)....... #.###..........
#.............. #..##'')##.....


You could see a kobold brigand and Urrug's ghost.

Vanquished Creatures
  3 gnolls (D:3)
  2 adders
  2 dart slugs (D:2)
  4 ribbon worms (D:2)
  10 orcs (D:3)
  6 endoplasms
  2 giant cockroaches
  6 goblins
  5 hobgoblins
  3 jackals (D:1)
  A quokka (D:1)
  6 ball pythons
  7 bats
  3 frilled lizards
  12 kobolds
  8 rats
80 creatures vanquished.

Notes
Turn   | Place    | Note
-------+----------+-------------------------------------------
     0 | D:1      | amalgent the Troll Fighter began the quest for the Orb.
     0 | D:1      | Reached XP level 1. HP: 22/22 MP: 0/0
   170 | D:1      | Reached XP level 2. HP: 26/26 MP: 1/1
   816 | D:1      | Found The Oracle's Delphic Readings.
   948 | D:2      | Reached XP level 3. HP: 31/36 MP: 2/2
   976 | D:2      | Identified the +3 short sword of Ash {drain, ^Contam rPois
                  | rF+++ Will+}
  1236 | D:2      | Reached skill level 1 in Short Blades
  1283 | D:2      | Reached XP level 4. HP: 44/44 MP: 3/3
  1688 | D:3      | Found a runed translucent gate.
  1688 | D:3      | Found a runed translucent gate.
  1688 | D:3      | Found a runed translucent gate.
  1688 | D:3      | Noticed a kobold brigand
  1690 | D:3      | Noticed Urrug's ghost (amateur TrEE)
  1795 | D:3      | Reached XP level 5. HP: 50/50 MP: 4/4
  1970 | D:3      | Slain by Urrug's ghost

Illustrated notes

Levels and vault maps discovered:
D:1:      minmay_arrival_jagged, layout_basic, serial_corexii_hall,
          corexii_hall_statues_deadend, chequers_hall_statues_wall_a,
          nicolae_nh_oracle_at_delphi
D:2:      layout_rooms
D:3:      layout_basic, gammafunk_ghost_nasty_kobolds

Skill      XL: |  1  2  3 |
---------------+----------+-----
Maces & Flails | 2 |  2.3
Dodging        | 3 |  3.3
Short Blades   | 1 |  1.8
Shields        | 3 |  3.1
Fighting       | |  2.8
Stealth        | |  0.1

Action                     |  1- 3 |  4- 6 || total
---------------------------+-------+-------++-------
  Melee: Flail             |    21 |       ||    21
         Short sword       |   112 |    91 ||   203
         Unarmed           |       |     9 ||     9
    Use: Potion            |     1 |     3 ||     4
         Scroll            |       |     1 ||     1
 Armour: Robe              |    87 |    56 ||   143
         Skin              |       |     5 ||     5
  Dodge: Dodged            |    51 |    51 ||   102
  Block: Kite shield       |    59 |    37 ||    96
